 Dungeon Crawl Stone Soup version 0.23.2-40-g277498a001 (webtiles) character file.

Game seed: 13921287551971214901

1617 Beldrama the Basher (level 8, -5/78 HPs)
             Began as a Troll Monk on Sept 27, 2019.
             Was a Believer of the Shining One.
             Slain by an orc warrior
             ... wielding a +0 dire flail
              (23 damage)
             ... on level 6 of the Dungeon.
             The game lasted 00:17:13 (3717 turns).

Beldrama the Basher (Troll Monk)                    Turns: 3717, Time: 00:17:13

Health: -5/78      AC:  7    Str: 22    XL:     8   Next: 64%
Magic:  7/7        EV: 11    Int:  6    God:    the Shining One [**....]
Gold:   302        SH:  0    Dex: 12    Spells: 7/7 levels left

rFire    . . .     SeeInvis .   j - +0 giant spiked club
rCold    . . .     Gourm    +   (shield currently unavailable)
rNeg     + . .     Faith    .   b - +1 robe
rPois    +         Spirit   .   (helmet restricted)
rElec    .         Reflect  .   (no cloak)
rCorr    .         Harm     .   (gloves unavailable)
MR       +....                  (boots unavailable)
Stlth    +.........             (no amulet)
HPRegen  0.63/turn              g - ring of poison resistance
MPRegen  0.10/turn              a - ring of protection from magic

@: glowing
A: large, unfitting armour, claws 3, fast metabolism 3, gourmand, regeneration
1, shaggy fur 1, tough skin 3
a: Divine Shield, Renounce Religion


You were on level 6 of the Dungeon.
You worshipped the Shining One.
The Shining One was pleased with you.
You were completely stuffed.

You visited 2 branches of the dungeon, and saw 7 of its levels.

You collected 302 gold pieces.

Inventory:

Hand Weapons
 j - a +0 giant spiked club (weapon)
Missiles
 k - 344 stones (quivered)
Armour
 b - a +1 robe (worn)
Jewellery
 a - a ring of protection from magic (right claw)
 g - a ring of poison resistance (left claw)
 p - an uncursed ring of ice
Wands
 m - a wand of digging (5)
Scrolls
 d - 11 scrolls of identify
 f - 4 scrolls of remove curse
 i - 2 scrolls of blinking
Potions
 e - a potion of haste
 n - 2 potions of curing
Comestibles
 c - 20 rations
 h - 6 chunks of flesh


   Skills:
 + Level 3.9 Fighting
 * Level 9.2 Maces & Flails
 + Level 3.9 Dodging
 - Level 1.0 Stealth
 + Level 0.2 Invocations


You had 7 spell levels left.
You didn't know any spells.
Your spell library was empty.

Dungeon Overview and Level Annotations

Branches:
Dungeon (6/15)             Temple (1/1) D:4

Altars:
Ashenzari
Cheibriados
Dithmenos
Elyvilon
Fedhas
Gozag
Hepliaklqana
Makhleb
Qazlal
Ru
Sif Muna
Trog
Uskayaw
Vehumet
Xom
Yredelemnul
The Shining One

Annotations:
D:2 1 runed translucent door, Crazy Yiuf


Innate Abilities, Weirdness & Mutations

You are too large for most types of armour.
You have claws for hands.
Your metabolism is lightning-fast.
You like to eat raw meat.
Your natural rate of healing is unusually fast.
You are covered in fur. (AC +1)
You have extremely tough skin. (AC +3)


Message History

You bludgeon the orc priest!!
You kill the orc priest!
The Shining One accepts your kill.
The orc warrior hits you with a +0 dire flail!
The orc warrior hits you but does no damage.
Things that are here:
a +0 club; an orc corpse You are too injured to fight recklessly!
You are too injured to fight recklessly!
You are too injured to fight recklessly!
You are too injured to fight recklessly!
You hit the orc warrior.
The orc warrior is heavily wounded.
The orc warrior hits you with a +0 dire flail!
You closely miss the orc warrior.
The orc warrior is heavily wounded.
The orc warrior hits you with a +0 dire flail!
* * * LOW HITPOINT WARNING * * *
The orc warrior hits you with a +0 dire flail!!
You die... $∙∙∙▒ ∙∙∙∙▒▒▒▒ ∙∙∙∙∙∙∙∙ ▒∙∙∙∙∙∙∙ ■▒ ▒▒▒∙∙∙∙∙ ∙∙∙ ∙∙∙∙∙

∙∙∙ ▒▒▒▒▒▒▒▒▒▒∙▒▒▒▒▒▒▒▒▒
∙∙▒
∙∙∙∙∙∙∙@)∙∙∙∙∙∙∙∙∙∙▒▒∙∙▒
▒∙∙∙∙∙∙∙o∙∙▒▒▒▒▒▒▒∙∙∙∙∙▒
▒∙▒▒∙∙∙∙∙∙▒▒▒▒▒▒▒▒▒∙∙∙∙▒
▒∙∙∙∙∙∙▒∙∙∙∙∙∙▒▒∙∙∙∙▒
▒▒▒▒▒▒▒▒∙∙∙∙∙∙∙∙∙∙∙∙▒
■▒▒▒▒∙∙∙∙∙∙∙∙∙∙∙∙∙∙∙∙∙∙
∙∙∙∙∙∙∙∙∙∙∙∙∙∙∙∙∙∙∙∙∙▒▒
∙∙∙∙∙∙∙∙∙∙∙▒▒▒∙∙∙∙∙∙∙▒
∙∙∙∙∙∙∙∙∙∙∙▒▒▒∙∙∙∙∙∙∙▒


You could see an orc warrior.

Vanquished Creatures
  Sigmund (D:3)
  Eustachio (D:5)
  Menkaure (D:5)
  Edmund (D:5)
  A phantom (D:4)
  A centaur (D:5)
  3 ogres
  A bullfrog (D:6)
  A scorpion (D:5)
  2 crimson imps
  4 orc priests
  2 centaur skeletons
  A hound (D:3)
  An orc wizard (D:3)
  2 worker ants (D:5)
  4 adders
  4 gnolls (D:4)
  4 worms
  A dart slug (D:2)
  5 leopard geckos
  13 orcs
  13 bats
  A giant cockroach (D:5)
  26 goblins
  10 hobgoblins
  2 jackals (D:4)
  2 ball pythons
  4 frilled lizards
  10 kobolds
  A leopard gecko zombie (D:6)
  8 rats
131 creatures vanquished.

Notes
Turn   | Place    | Note
-------+----------+-------------------------------------------
     0 | D:1      | Beldrama the Troll Monk began the quest for the Orb.
     0 | D:1      | Reached XP level 1. HP: 22/22 MP: 0/0
   147 | D:1      | Reached skill level 3 in Maces & Flails
   147 | D:1      | Reached XP level 2. HP: 29/29 MP: 1/1
   939 | D:2      | Reached XP level 3. HP: 36/36 MP: 2/2
  1211 | D:2      | Reached XP level 4. HP: 13/44 MP: 3/3
  1306 | D:2      | Found a runed translucent door.
  1307 | D:2      | Noticed Crazy Yiuf
  1445 | D:3      | Reached skill level 4 in Maces & Flails
  1650 | D:3      | Reached XP level 5. HP: 22/52 MP: 4/4
  1727 | D:3      | Found a shattered altar of Ashenzari.
  1760 | D:3      | Noticed Sigmund
  1784 | D:3      | Killed Sigmund
  1784 | D:3      | Reached skill level 5 in Maces & Flails
  1784 | D:3      | Reached XP level 6. HP: 61/61 MP: 5/5
  2421 | D:4      | Reached skill level 6 in Maces & Flails
  2512 | D:4      | Reached XP level 7. HP: 53/67 MP: 6/6
  2558 | D:4      | Found a hide-covered altar of Uskayaw.
  2558 | D:4      | Noticed a +0 hand axe
  2559 | D:4      | Noticed a +0 hand axe
  2582 | D:4      | Found a staircase to the Ecumenical Temple.
  3025 | Temple   | Entered the Ecumenical Temple
  3029 | Temple   | Became a worshipper of the Shining One
  3029 | Temple   | Reached * piety under the Shining One
  3029 | Temple   | Reached ** piety under the Shining One
  3048 | D:5      | Entered Level 5 of the Dungeon
  3169 | D:5      | Noticed Eustachio
  3185 | D:5      | Killed Eustachio
  3185 | D:5      | Reached skill level 7 in Maces & Flails
  3198 | D:5      | Noticed Menkaure
  3212 | D:5      | Killed Menkaure
  3212 | D:5      | Reached skill level 8 in Maces & Flails
  3212 | D:5      | Reached XP level 8. HP: 47/76 MP: 7/7
  3340 | D:5      | Noticed Edmund
  3351 | D:5      | Killed Edmund
  3352 | D:5      | Found a radiant altar of Vehumet.
  3353 | D:5      | Found an opulent altar of Gozag.
  3639 | D:6      | Reached skill level 9 in Maces & Flails
  3717 | D:6      | Slain by an orc warrior

Skill      XL: |  1  2  3  4  5  6  7  8 |
---------------+-------------------------+-----
Maces & Flails | 3 4 5 6 8 9 |  9.2
Fighting       | 3 |  3.9
Dodging        | 3 |  3.9
Stealth        | |  1.0
Invocations    | |  0.2

Action                   |  1- 3 |  4- 6 |  7- 9 || total
-------------------------+-------+-------+-------++-------
Melee: Mace              |   118 |   127 |       ||   245
       Giant spiked club |       |    36 |   135 ||   171
Throw: Stone             |       |     8 |     4 ||    12
Invok: Divine Shield     |       |       |     1 ||     1
  Use: Scroll            |     5 |     3 |       ||     8
       Potion            |     4 |     6 |     3 ||    13
 Stab: Sleeping          |     2 |     2 |     2 ||     6
  Eat: Chunk             |    17 |    12 |    12 ||    41
Armor: Robe              |    77 |    49 |    47 ||   173
Dodge: Dodged            |    88 |   127 |    82 ||   297
Block: Other             |       |       |     6 ||     6
